 Dungeon Crawl Stone Soup version 0.31-a0-233-g139696dc86 (webtiles) character file.

Game seed: 10852088006294089147

1157 bjtr the Magician (level 8, 0/48 (54) HPs)
             Began as a Demonspawn Earth Elementalist on July 7, 2023.
             Was a Follower of Vehumet.
             Slain by a vampire
             ... wielding the +12 mace of Resumed Hostilities {drain, rElec rPois}
              (13 damage)
             ... on level 5 of the Dungeon on July 8, 2023.
             The game lasted 00:27:30 (4078 turns).

bjtr the Magician (Demonspawn Earth Elementalist)   Turns: 4078, Time: 00:27:31

HP:   0/48 (54)     AC:  4    Str:  9    XL:     8   Next: 16%
MP:   14/17         EV: 16    Int: 17    God:    Vehumet [*.....]
Gold: 9             SH:  0    Dex: 13    Spells: 13/19 levels left

rFire   . . .        b - +0 orcbow
rCold   + . .        (shield currently unavailable)
rNeg    . . .        h - +1 leather armour
rPois   .            (no helmet)
rElec   .            E - scarf of Jeblinlya {repulsion, rC+ Will+ rCorr Int-2}
rCorr   +            (no gloves)
SInv    .            (no boots)
Will    +....        d - amulet of magic regeneration
Stlth   ++           n - ring of flight
HPRegen 0.28/turn    t - +5 ring of evasion
MPRegen 0.55/turn

%: repel missiles
@: flying, heavily drained
A: spiny 1, demonic magic 2
a: Renounce Religion


You were on level 5 of the Dungeon.
You worshipped Vehumet.
Vehumet was aware of your devotion.
You visited 2 branches of the dungeon, and saw 6 of its levels.
You also visited: Sewer.

You collected 249 gold pieces.
You spent 240 gold pieces at shops.

Inventory:

Hand Weapons
 a - a +4 dagger
 b - a +0 orcbow (weapon)
 f - a +2 vampiric dagger
 g - a +0 sling
 o - a +0 whip of electrocution
 r - a +0 flail
 v - a +0 falchion
 C - a +0 quarterstaff
 D - a +0 spear
Missiles
 c - 11 boomerangs
 p - 6 poisoned darts
Armour
 h - a +1 leather armour (worn)
 j - a +0 robe
 k - a +1 robe of fire resistance
 E - the scarf of Jeblinlya (worn) {repulsion, rC+ Will+ rCorr Int-2}
   (You bought it in a shop on level 5 of the Dungeon)

   Int:       It affects your intelligence (-2).
   rC:        It protects you from cold.
   rCorr:     It protects you from acid and corrosion.
   Will:      It increases your willpower.
Jewellery
 d - an amulet of magic regeneration (around neck)
 n - a ring of flight (left hand)
 t - a +5 ring of evasion (right hand)
 z - a ring of fire
Scrolls
 m - a scroll of revelation {unknown}
 q - a scroll of enchant armour
 y - a scroll of blinking {unknown}
 B - a scroll of amnesia
Potions
 e - 3 potions of curing
 i - a potion of haste {unknown}
 l - a potion of attraction {unknown}
 s - a potion of heal wounds {unknown}
 u - a potion of invisibility {unknown}
 x - a potion of brilliance {unknown}
 A - a potion of magic


   Skills:
 + Level 1.1 Fighting
 + Level 0.9 Armour
 + Level 1.8 Dodging
 + Level 2.8 Stealth
 * Level 6.4 Spellcasting
 + Level 0.2 Conjurations
 + Level 0.8 Transmutations
 * Level 6.3 Earth Magic


You had 13 spell levels left.
You knew the following spells:

 Your Spells              Type           Power      Damage    Failure   Level
a - Sandblast             Erth           54%        2d13      1%          1
b - Passwall              Tmut/Erth      14%        N/A       6%          2
c - Stone Arrow           Conj/Erth      32%        3d9       13%         3

Your spell library contained the following spells:

 Spells                   Type           Power      Damage    Failure   Level
 Kiss of Death            Conj/Necr      20%        2d7       16%         1
 Freeze                   Ice            20%        1d4       17%         1
 Petrify                  Tmut/Erth      17%        N/A       36%         4
 Hailstorm                Conj/Ice       5%         3d4       43%         3
 Frozen Ramparts          Ice            10%        1d2       45%         3
 Gell's Gravitas          Tloc           5%         N/A       45%         3
 Teleport Other           Tloc           5%         N/A       45%         3
 Ice Form                 Ice/Tmut       6%         N/A       80%         4
 Dispersal                Tloc           2%         N/A       100%        6
 Simulacrum               Ice/Necr       2%         N/A       100%        6


Dungeon Overview and Level Annotations

Branches:
Dungeon (5/15)             Temple (1/1) D:4           Sewer (visited)

Altars:
Ashenzari
Cheibriados
Dithmenos
Fedhas
Gozag
Kikubaaqudgha
Makhleb
Nemelex Xobeh
Okawaru
Ru
Trog
Uskayaw
Vehumet
Wu Jian
Xom
Yredelemnul

Shops:
D:1 (   D:5 [


Innate Abilities, Weirdness & Mutations

You are partially covered in sharp spines.
Spells you cast may paralyse nearby enemies.


Message History

b - a +0 orcbow (weapon)
Fire: b) +0 orcbow
Press: ? - help, Shift-Dir - straight line, f - vampire
Aim: a vampire, wielding the +12 mace of Resumed Hostilities {drain, rElec rPois} (severely damaged, 44% to hit)
You shoot an arrow.
The arrow hits the vampire but does no damage.
The vampire is severely damaged.
The vampire gestures wildly while chanting.
The vampire flickers and vanishes!
Deactivating autopickup; reactivate with Ctrl-A.
A hound comes into view.
Unknown command.
You aren't carrying any items that you can evoke.
Fire: b) +0 orcbow
Press: ? - help, Q - select action, (/) - cycle Shift-Dir - straight line, f - hound
Aim: a hound (wandering, hasn't noticed you, 28% to hit)
Okay, then.
Unknown command.
Unknown command.
Unknown command.
Fire: b) +0 orcbow
Press: ? - help, Q - select action, (/) - cycle Shift-Dir - straight line You shoot an arrow.
The hound barks!
Fire: b) +0 orcbow
Press: ? - help, Q - select action, (/) - cycle Shift-Dir - straight line You shoot an arrow.
Unknown command.
Fire: b) +0 orcbow
Press: ? - help, Q - select action, (/) - cycle Shift-Dir - straight line You shoot an arrow.
The hound misses you. The hound bites you but does no damage.
Something hits you!
* * * LOW HITPOINT WARNING * * *
You feel drained.
* * * LOW HITPOINT WARNING * * *
Something barely misses you.
Unknown command.
You feel better. The hound bites you but does no damage. Something hits you!
You die...

..#V.[# .#...# .# #.# #.
#...#...#. #.# # #. ...... ....
#.# ##'## #. ##.###.# #.##.#
##...## #. #... # ....# ##.....##
#. ..## ##..# ##.......## ##.
.##########...####.........####..
................@h.........'.....
###########...####.........####..
# #..## ##.......## ##. # #.##
##<....## ## # #.# ##...## # #.#
##'## # #.. # # #.# ####### #
#...<..


You could see a hound.

Vanquished Creatures
  A water moccasin (Sewer)
  An orc warrior (D:5)
  3 ogres (D:5)
  A centaur (D:5)
  4 scorpions
  A hound (D:5)
  A gnoll bouda (D:3)
  A sleepcap (D:5)
  An iguana (D:5)
  2 orc wizards
  8 gnolls
  8 adders
  A river rat (D:5)
  2 white imps (D:5)
  An ufetubus (D:5)
  A worm (D:5)
  2 dart slugs (D:4)
  11 orcs
  4 endoplasms
  4 giant cockroaches
  7 goblins
  2 hobgoblins
  6 quokkas
  5 ball pythons
  3 bats
  5 frilled lizards
  3 kobolds
  7 rats
96 creatures vanquished.

Notes
Turn   | Place    | Note
-------+----------+-------------------------------------------
     0 | D:1      | bjtr the Demonspawn Earth Elementalist began the quest for
                  | the Orb.
     0 | D:1      | Reached XP level 1. HP: 13/13 MP: 3/3
   135 | D:1      | Found Uthrexia's Antique Weapon Shoppe.
   228 | D:1      | Gained mutation: Spells you cast may paralyse adjacent
                  | enemies. [demonic ancestry]
   228 | D:1      | Reached XP level 2. HP: 15/19 MP: 3/5
   421 | D:1      | Upgraded the game from 0.31-a0-229-g1fc7ce93e2 to
                  | 0.31-a0-233-g139696dc86
   638 | D:2      | Reached XP level 3. HP: 23/24 MP: 4/6
  1262 | D:3      | Learned a level 2 spell: Passwall
  1266 | D:3      | Learned a level 3 spell: Stone Arrow
  1302 | D:3      | Gained mutation: You are partially covered in sharp spines.
                  | [demonic ancestry]
  1302 | D:3      | Reached XP level 4. HP: 20/31 MP: 8/8
  1659 | D:3      | Gained mutation: Spells you cast may paralyse nearby
                  | enemies. [demonic ancestry]
  1659 | D:3      | Reached XP level 5. HP: 36/36 MP: 8/10
  1968 | D:4      | Reached skill level 1 in Fighting
  2156 | D:4      | Found a staircase to the Ecumenical Temple.
  2181 | Temple   | Entered the Ecumenical Temple
  2303 | Temple   | Became a worshipper of Vehumet
  2636 | D:4      | Reached XP level 6. HP: 43/43 MP: 10/12
  3027 | D:5      | Entered Level 5 of the Dungeon
  3104 | D:5      | Noticed an orc warrior
  3153 | D:5      | Reached skill level 5 in Earth Magic
  3185 | D:5      | Found a glowing drain.
  3265 | Sewer    | Entered a sewer
  3314 | Sewer    | Noticed a water moccasin
  3319 | Sewer    | Killed a water moccasin
  3320 | Sewer    | Reached skill level 5 in Spellcasting
  3320 | Sewer    | Reached XP level 7. HP: 48/48 MP: 14/14
  3408 | D:5      | Reached * piety under Vehumet
  3408 | D:5      | Offered knowledge of Kiss of Death by Vehumet.
  3700 | D:5      | Reached XP level 8. HP: 49/54 MP: 15/17
  3802 | D:5      | Found Laejics's Antique Armour Emporium.
  3810 | D:5      | Bought a masterwork scarf for 240 gold pieces
  3810 | D:5      | Identified the scarf of Jeblinlya {repulsion, rC+ Will+
                  | rCorr Int-2} (You bought it in a shop on level 5 of the
                  | Dungeon)
  3967 | D:5      | Identified the +12 mace of Resumed Hostilities {drain,
                  | rElec rPois}
  4077 | D:5      | HP: 2/50 [something (14)]
  4078 | D:5      | Slain by a vampire

Illustrated notes

Levels and vault maps discovered:
D:1:      amcnicky_arrival_gap_in_the_tavern_cellar, layout_rooms, serial_shops,
          nicolae_square_shop
D:2:      layout_rooms, grunt_decor_clamped
D:3:      layout_rooms
D:4:      layout_loops_ring, minmay_temple_entry_glass
D:5:      cheibrodos_fzero, layout_loops_corners, gup_sewer_entry_bubbles,
          serial_shops, nicolae_lakefront_shop
Temple:   nicolae_temple_bog_church

Skill      XL: |  1  2  3  4  5  6  7 |
---------------+----------------------+-----
Earth Magic    | 3 4 5 6 |  6.3
Spellcasting   | 3 4 5 6 |  6.4
Fighting       | 1 |  1.1
Stealth        | 2 |  2.8
Armour         | |  0.9
Dodging        | |  1.8
Conjurations   | |  0.2
Transmutations | |  0.8

Action                     |  1- 3 |  4- 6 |  7- 9 || total
---------------------------+-------+-------+-------++-------
  Melee: Spear             |     3 |       |       ||     3
         Dagger            |     7 |    25 |    20 ||    52
   Fire: Orcbow            |       |       |     4 ||     4
  Throw: Dart              |     3 |       |       ||     3
         Boomerang         |     1 |       |       ||     1
   Cast: Sandblast         |    46 |    63 |    39 ||   148
         Stone Arrow       |       |     2 |    10 ||    12
         Passwall          |       |       |     1 ||     1
    Use: Scroll            |     3 |     5 |     1 ||     9
         Potion            |       |     2 |     2 ||     4
   Stab: Paralysed         |       |    11 |     9 ||    20
 Armour: Robe              |     2 |       |       ||     2
         Leather armour    |     5 |     6 |     4 ||    15
  Dodge: Dodged            |    16 |    19 |    23 ||    58

Table legend: (Time is in decaauts)
 A = Elapsed time spent in this place.
 B = Non-inter-level travel time spent in this place.
 C = Inter-level travel time spent in this place.
 D = Time resting spent in this place.
 E = Time spent auto-exploring this place.
 F = Levels seen in this place.
 G = Mean time per level.
                   A        B        C        D        E       F      G
               +--------+--------+--------+--------+--------+-----+--------+
         Total |   4151 |   4027 |    124 |    790 |   2153 |   7 |  593.0 |
       Dungeon |   3907 |   3798 |    109 |    790 |   1998 |   5 |  781.4 |
        Temple |    138 |    123 |     15 |      0 |     96 |   1 |  138.0 |
         Sewer |    105 |    105 |      0 |      0 |     59 |   1 |  105.0 |
               +--------+--------+--------+--------+--------+-----+--------+

Top non-repeatable levels by time:
     D:5: 975 daAuts
     D:4: 961 daAuts
     D:2: 824 daAuts
     D:3: 706 daAuts
     D:1: 439 daAuts
  Temple: 138 daAuts
   Sewer: 105 daAuts
